cohdb
Replays
Latest Replays
All Replays
Popular Replays
Top Player Replays
Match Explorer
How It Works
Community
CoH3 Stats
Reddit
Sign in to upload your games and track your stats! →
Sign in with Steam
Match 38937700
Unlisted
Match 38937700
Overview
Messages
Build Orders
End
Selects Italian Combined Arms Battlegroup
Selects Bersaglieri Squad
Bersaglieri Squad
250 Light Carrier
Bersaglieri Squad
Construct Light Support Kompanie
Combat Half-tracks
Selects Bersaglieri Bolster
Construct Mechanized Kompanie
Support Armor Elements
Assault Mechanized Group
Emergency Repair Kits
Flakvierling Half-track
Selects Semovente da 75/18 Assault Gun
Selects Strafing Run
Pak 38 Anti-tank Gun Team
StuG III D Assault Gun
Strafing Run
Selects Pact of Steel
Flakvierling Half-track
254 Reconnaissance Tractor
Pak 38 Mechanized Group
Strafing Run
Construct Panzerarmee Kommand
Selects Vehicle Support - Force Recon
Rapid Advance
Vehicle Survival Package
Strafing Run
Walking Stuka Rocket Launcher
Flakvierling Half-track
MrGlaucus
Discoverer
WadoVice
Lφ1992
0
0
Comments
sign in to comment!
No comments posted yet!